 Dungeon Crawl Stone Soup version 0.29-a0-330-g52719c12eb (webtiles) character file.

Game seed: 4489222039623732520

3354 Aelig the Martial Artist (level 9, -1/58 HPs)
             Began as a Vampire Transmuter on May 12, 2022.
             Slain by a two-headed ogre
             ... wielding a +0 giant club
              (29 damage)
             ... on level 8 of the Dungeon.
             The game lasted 00:23:23 (7694 turns).

Aelig the Martial Artist (Vampire Transmuter)       Turns: 7694, Time: 00:23:24

Health: -1/58      AC:  2    Str:  9    XL:     9   Next: 73%
Magic:  9/12       EV: 23    Int: 20    God:
Gold:   363        SH:  0    Dex: 19    Spells: 6/12 levels left

rFire   . . .      SeeInvis +     - Unarmed
rCold   . . .      Faith    .   (shield currently unavailable)
rNeg    . . .      Spirit   .   (body armour currently unavailable)
rPois   x          Reflect  .   (helmet currently unavailable)
rElec   .          Harm     .   (cloak currently unavailable)
rCorr   .          Rampage  .   (gloves currently unavailable)
Will    .....                   (boots currently unavailable)
Stlth   +++.......              s - amulet of magic regeneration
HPRegen 0.39/turn               j - +4 ring of evasion
MPRegen 0.53/turn               n - +4 ring of slaying

@: spider-form, healing quickly
A: venomous fangs, tiny, alive, (fangs 3), see invisible, vampiric 2
a: Exsanguinate, End Transformation


You were on level 8 of the Dungeon.
You were a venomous arachnid creature.
You visited 2 branches of the dungeon, and saw 9 of its levels.
You also visited: Bailey.

You collected 467 gold pieces.
You spent 104 gold pieces at shops.

Inventory:

Missiles
 c - 183 stones (quivered)
Armour
 a - a +0 robe
 p - a +1 cloak (melded)
 t - the +0 pair of boots of the Lizard (melded) {Dex+2}
   (You found it on level 6 of the Dungeon)

   Dex:       It affects your dexterity (+2).
 w - a +0 troll leather armour (melded)
Jewellery
 j - a +4 ring of evasion (left front leg)
 n - a +4 ring of slaying (right front leg)
 s - an amulet of magic regeneration (around neck)
 y - a ring of willpower
 B - a ring of positive energy
Wands
 m - a wand of flame (3)
 r - a wand of iceblast (9)
 D - a wand of acid (12)
Scrolls
 d - 6 scrolls of enchant weapon
 e - a scroll of silence {unknown}
 f - 5 scrolls of vulnerability
 i - a scroll of amnesia {unknown}
 k - 2 scrolls of fear {unknown}
 l - a scroll of summoning
 o - a scroll of fog {unknown}
 q - a scroll of magic mapping {unknown}
 v - a scroll of acquirement {unknown}
 A - 3 scrolls of identify
 C - a scroll of enchant armour {unknown}
 J - a scroll of immolation {unknown}
Potions
 b - a potion of lignification
 g - a potion of mutation
 h - 3 potions of curing
 u - a potion of attraction {unknown}
 x - 2 potions of resistance {unknown}
 z - 3 potions of heal wounds
 E - 3 potions of experience
 F - 2 potions of might {unknown}
 G - a potion of invisibility {unknown}
 H - 2 potions of magic {unknown}
 I - a potion of cancellation {unknown}


   Skills:
 - Level 0.8 Fighting
 - Level 2.1 Dodging
 - Level 4.0 Stealth
 * Level 13.0 Unarmed Combat
 - Level 2.0 Spellcasting
 + Level 6.9 Transmutations
 - Level 3.0 Poison Magic


You had 6 spell levels left.
You knew the following spells:

 Your Spells              Type           Power      Damage    Failure   Level
a - Beastly Appendage     Tmut           58%        N/A       4%          1
b - Wereblood             Tmut           29%        N/A       6%          2
c - Spider Form           Tmut/Pois      21%        N/A       17%         3

Your spell library contained the following spells:

 Spells                   Type           Power      Damage    Failure   Level
 Ensorcelled Hibernation  Hex/Ice        4%         N/A       45%         2
 Ice Form                 Ice/Tmut       15%        N/A       58%         4
 Anguish                  Hex/Necr       1%         N/A       94%         4


Dungeon Overview and Level Annotations

Branches:
Dungeon (8/15)             Temple (1/1) D:7          Bailey (visited)
   Lair: D:8-11

Altars:
Cheibriados
Dithmenos
Elyvilon
Fedhas
Gozag
Hepliaklqana
Kikubaaqudgha
Makhleb
Nemelex Xobeh
Okawaru
Qazlal
Ru
Sif Muna
Trog
Uskayaw
Vehumet
Xom
Yredelemnul
The Shining One

Shops:
D:1 *   D:3 =   D:7 *((!

Annotations:
D:3 Sigmund
D:4 Blork the orc
D:6 1 runed translucent door, exclusion: door, Crazy Yiuf


Innate Abilities, Weirdness & Mutations

You are a venomous arachnid creature.
You have poisonous fangs.
You are tiny and dextrous.
Your spellcasting is less reliable in this form.
Your armour is entirely melded.
You are incapable of wielding weapons or throwing items.
Your natural rate of healing is accelerated.
((You have razor-sharp teeth.))
You have supernaturally acute eyesight. (SInv)
You are afflicted with vampirism and can become a bat while bloodless.


Message History

You start resting.
The centaur shoots an arrow.
The arrow hits you.
Casting: Wereblood (safe; 1% risk of failure)
Confirm with . or Enter, or press ? or * to list all spells.
You grow a pair of large bovine horns.
Your feet morph into talons.
The +0 pair of boots of the Lizard {Dex+2} melds into your body.
The centaur shoots an arrow.
The arrow closely misses you.
The centaur unwields a +0 shortbow.
The centaur misses you. The centaur closely misses you.
You punch the centaur! You claw the centaur. You headbutt the centaur!
You bite the centaur.
The centaur is almost dead.
The centaur closely misses you.
The centaur kicks you but does no damage.
The centaur misses you.
The centaur kicks you but does no damage.
You hit the centaur but do no damage. You claw the centaur, but do no damage.
The centaur is almost dead.
The two-headed ogre hits you with a +0 giant club!!
The two-headed ogre completely misses you.
The centaur hits you but does no damage.
The centaur closely misses you.
Okay, then.
The centaur closely misses you. The centaur completely misses you.
You hit the centaur.
The centaur is almost dead.
The centaur completely misses you. The centaur misses you.
Casting: Beastly Appendage (safe; 1% risk of failure)
Confirm with . or Enter, or press ? or * to list all spells.
Your horns disappear.
Your talons disappear.
The +0 pair of boots of the Lizard {Dex+2} unmelds from your body.
You turn into a venomous arachnid creature.
Your +1 cloak melds into your body.
The +0 pair of boots of the Lizard {Dex+2} melds into your body.
Your +0 troll leather armour melds into your body.
The centaur barely misses you. The centaur completely misses you.
The two-headed ogre completely misses you.
The two-headed ogre hits you with a +0 giant club!!
Ouch! That really hurt!
You die...

##### ### ##...# ##.##
#....###...# #.........## ####
###.##.......# ....#
#...##...s..##
....#####......Oc..# #######
##....#.......<##..###.....#
(#............####..#......###
$#..........##..##...........##
?#...........#................##
##....................#.###....#
........................#⌠#)[###
.............##.........###[#####


You could see a two-headed ogre and a centaur.

Vanquished Creatures
  Maggie (D:6)
  2 trolls
  Prince Ribbit (D:6)
  Grinder (D:6)
  A wyvern (D:7)
  A sky beast (D:6)
  4 orc warriors
  An ice beast (D:7)
  An ogre (D:6)
  A black bear (D:6)
  A centaur (D:5)
  A necrophage (D:6)
  A bullfrog (D:7)
  A scorpion (D:2)
  5 wights (D:5)
  5 killer bees (D:6)
  A gnoll shaman (D:5)
  3 orc priests
  3 hounds
  2 jellies (D:5)
  2 iguanas
  An orc wizard (D:6)
  7 gnolls
  7 adders
  A shadow imp (D:6)
  2 ufetubi
  2 dart slugs
  34 orcs
  4 endoplasms
  2 giant cockroaches (D:2)
  7 goblins
  7 hobgoblins
  4 jackals (D:4)
  2 quokkas (D:1)
  7 ball pythons
  2 bats (D:3)
  5 frilled lizards
  6 kobolds
  3 rats
  A spectral orc (D:6)
143 creatures vanquished.

Vanquished Creatures (collateral kills)
  2 gnolls (D:5)
2 creatures vanquished.

Grand Total: 145 creatures vanquished

Notes
Turn   | Place    | Note
-------+----------+-------------------------------------------
     0 | D:1      | Aelig the Vampire Transmuter began the quest for the Orb.
     0 | D:1      | Reached XP level 1. HP: 14/14 MP: 3/3
   569 | D:1      | Reached XP level 2. HP: 17/20 MP: 3/5
   572 | D:1      | Learned a level 2 spell: Wereblood
   947 | D:1      | Found Ifiranei's General Store.
   956 | D:1      | Bought a potion of curing for 39 gold pieces
  1040 | D:2      | Reached skill level 4 in Unarmed Combat
  1042 | D:2      | Noticed a scorpion
  1125 | D:2      | Gained mutation: You are afflicted with vampirism and can
                  | become a bat while bloodless. [Vampire growth]
  1125 | D:2      | Reached XP level 3. HP: 18/25 MP: 2/6
  1251 | D:2      | Learned a level 3 spell: Spider Form
  1349 | D:2      | Found a faded altar of an unknown god.
  1556 | D:2      | Killed a scorpion
  1557 | D:2      | Reached skill level 1 in Poison Magic
  1557 | D:2      | Reached XP level 4. HP: 18/31 MP: 7/7
  1659 | D:2      | Reached skill level 5 in Unarmed Combat
  1882 | D:3      | Noticed Sigmund
  2183 | D:3      | Found Geklam's Jewellery Shop.
  2273 | D:3      | Reached XP level 5. HP: 36/36 MP: 8/8
  2426 | D:3      | Reached skill level 1 in Stealth
  2780 | D:4      | Noticed Blork the orc
  3584 | D:5      | Entered Level 5 of the Dungeon
  3838 | D:5      | Reached XP level 6. HP: 42/42 MP: 9/9
  3931 | D:5      | Reached skill level 6 in Unarmed Combat
  4491 | D:5      | HP: 2/42 [gnoll/iceblast (17)]
  4497 | D:5      | HP: 2/42 [gnoll/iceblast (8)]
  4811 | D:5      | Reached XP level 7. HP: 47/47 MP: 6/10
  4817 | D:5      | Reached skill level 7 in Unarmed Combat
  4824 | D:5      | Reached skill level 5 in Transmutations
  5025 | D:6      | Identified the +0 pair of boots of the Lizard {Dex+2}
  5078 | D:6      | Reached skill level 8 in Unarmed Combat
  5111 | D:6      | Noticed Grinder
  5118 | D:6      | Noticed Maggie
  5128 | D:6      | Found a runed translucent door.
  5129 | D:6      | Noticed Crazy Yiuf
  5517 | D:6      | Reached XP level 8. HP: 19/53 MP: 11/11
  5777 | D:6      | Found a basalt altar of Yredelemnul.
  5815 | D:6      | Noticed a troll
  5837 | D:6      | Reached skill level 9 in Unarmed Combat
  5840 | D:6      | Killed a troll
  5841 | D:6      | Reached skill level 10 in Unarmed Combat
  5841 | D:6      | Noticed Prince Ribbit
  5855 | D:6      | Killed Prince Ribbit
  5979 | D:6      | Killed Maggie
  5980 | D:6      | Reached skill level 11 in Unarmed Combat
  6054 | D:6      | Reached XP level 9. HP: 53/58 MP: 12/12
  6144 | D:6      | Killed Grinder
  6148 | D:6      | Reached skill level 12 in Unarmed Combat
  6490 | D:7      | Found Devit's Antique Weapon Shoppe.
  6504 | D:7      | Found Umein's Distillery.
  6509 | D:7      | Bought a potion of heal wounds for 65 gold pieces
  6558 | D:7      | Found Wihufani's Weapon Shop.
  6814 | D:7      | Found Luheemp's Assorted Antiques.
  6840 | D:7      | Found a staircase to the Ecumenical Temple.
  6840 | D:7      | Noticed a troll
  6849 | D:7      | Killed a troll
  6853 | Temple   | Entered the Ecumenical Temple
  7427 | D:8      | Found a flagged portal.
  7437 | Bailey   | Entered a bailey
  7520 | Bailey   | Reached skill level 13 in Unarmed Combat
  7561 | Bailey   | Noticed an orc knight
  7627 | D:8      | Noticed a red ugly thing
  7661 | D:8      | Noticed a two-headed ogre
  7694 | D:8      | Slain by a two-headed ogre

Illustrated notes

Levels and vault maps discovered:
D:1:      dpeg_arrival_snail, layout_loops_corners, serial_shops,
          nicolae_lakefront_shop
D:2:      layout_basic, shapermc_ecumenical_altar_acropolis, moated_statue
D:3:      wander_river, layout_loops_cross, tso_altar, serial_shops,
          shop_fountains, cheibrodos_gnoll_hut, uniq_sigmund
D:4:      layout_cave_pods, uniq_blork_the_orc
D:5:      layout_gridville, hangedman_abyss_or_decor_stabs
D:6:      layout_rooms, yredelemnul_forgotten_temple_becter,
          nicolae_ossuary_entry_monument, uniq_maggie, uniq_grinder,
          uniq_crazy_yiuf_cottage, uniq_prince_ribbit1
D:7:      layout_loops_ring, minmay_temple_entry_statues_pillars, serial_shops,
          nicolae_shop_hallway_plus, nicolae_shop_trees, shop, shop_statue,
          minmay_door_square, kennysheep_generic_room_13
D:8:      layout_cave_pools, mainiacjoe_overflow_cross_hatched, serial_glass,
          glass_columns_c, glass_columns_a, due_unseen_surprise,
          item_on_display_a, feat_on_display, enter_bailey_2,
          hellmonk_bongcloud_opening
Temple:   regret_index_temple_sphere_string

Skill      XL: |  1  2  3  4  5  6  7  8  9 |
---------------+----------------------------+-----
Unarmed Combat | 4 5 6 8 11 13 | 13.0
Transmutations | 3 4 5 6 |  6.9
Poison Magic   | 1 2 3 |  3.0
Stealth        | 2 4 |  4.0
Fighting       | |  0.8
Dodging        | |  2.1
Spellcasting   | |  2.0

Action                   |  1- 3 |  4- 6 |  7- 9 || total
-------------------------+-------+-------+-------++-------
Melee: Unarmed           |    70 |   112 |   176 ||   358
       Kick              |    18 |    22 |    34 ||    74
       Headbutt          |    13 |    15 |    21 ||    49
       Bite              |    10 |     8 |    12 ||    30
       Punch             |       |     5 |     8 ||    13
Throw: Stone             |       |       |     1 ||     1
 Cast: Beastly Appendage |    22 |    32 |    22 ||    76
       Wereblood         |     3 |    11 |    14 ||    28
       Spider Form       |       |       |     5 ||     5
Evoke: Wand              |       |       |     3 ||     3
  Use: Potion            |     1 |     1 |     2 ||     4
       Scroll            |       |     7 |       ||     7
 Stab: Sleeping          |     1 |     2 |     3 ||     6
Armor: Robe              |     8 |    17 |     2 ||    27
       Skin              |     6 |       |    53 ||    59
       Troll leather arm |       |       |    12 ||    12
Dodge: Dodged            |    24 |    82 |   188 ||   294

Table legend: (Time is in decaauts)
 A = Elapsed time spent in this place.
 B = Non-inter-level travel time spent in this place.
 C = Inter-level travel time spent in this place.
 D = Time resting spent in this place.
 E = Time spent auto-exploring this place.
 F = Levels seen in this place.
 G = Mean time per level.
                   A        B        C        D        E       F      G
               +--------+--------+--------+--------+--------+-----+--------+
         Total |   7677 |   7382 |    295 |   1224 |   3490 |  10 |  767.7 |
       Dungeon |   7351 |   7063 |    288 |   1195 |   3353 |   8 |  918.9 |
        Temple |    178 |    171 |      7 |     19 |    137 |   1 |  178.0 |
        Bailey |    147 |    147 |      0 |     10 |      0 |   1 |  147.0 |
               +--------+--------+--------+--------+--------+-----+--------+

Top non-repeatable levels by time:
     D:5: 1844 daAuts
     D:1: 1108 daAuts
     D:6: 906 daAuts
     D:4: 888 daAuts
     D:3: 835 daAuts
     D:7: 782 daAuts
     D:2: 766 daAuts
     D:8: 218 daAuts
  Temple: 178 daAuts
  Bailey: 147 daAuts
